Map: Honorgrounds LE

Players

Railgan

  • Race: Terran Terran
  • League: Master
  • Spawn Location: 11:00

Tool - Winner!

  • Race: Terran Terran
  • League: Master
  • Spawn Location: 1:00

VOD

Have the link to the VOD?

Description

Time

  • Played on: Feb. 25, 2017, 1:43 p.m.
  • Length: 5:40
Show
View Real Time Build Order
Export as new Build Order

Railgan Terran 

Build Orders: Command Center First (CC) 

Get SALT Encoding   

  12  0:00  SCV  
  13  0:13  SCV  
  14  0:22  Supply Depot  
  14  0:25  SCV  
  15  0:44  SCV  
  16  0:56  SCV  
  17  1:02  Command Center  
  17  1:08  SCV  
  18  1:17  Barracks  
  18  1:20  SCV  
  19  1:29  Refinery  
  19  1:32  SCV  
  20  1:33  Refinery  
  20  1:44  SCV  
  21  1:47  Supply Depot  
  21  1:56  SCV  
  22  2:09  Orbital Command  
  22  2:15  Marine  
  22  2:19  Factory  
  22  2:30  Orbital Command  
  22  2:34  Marine  
  23  2:38  SCV  
  24  2:49  Factory  
  24  2:52  SCV  
  24  2:53  Marine  
  26  3:01  SCV  
  26  3:04  SCV  
  28  3:09  Cyclone  
  30  3:18  Marine, SCV  
  31  3:23  Starport  
  31  3:25  SCV  
  32  3:34  Cyclone  
  32  3:36  Marine  
  34  3:49  Cyclone  
  34  3:54  SCV  
  38  3:57  SCV  
  39  4:06  SCV  
  34  4:17  Marine  
  34  4:21  Cyclone  
  34  4:23  SCV x2  
  40  4:28  Supply Depot  
  40  4:31  Refinery  
  40  4:32  Hellion  
  40  4:34  Marine  
  40  4:35  SCV  
  44  4:40  Viking  
  44  4:44  Supply Depot  
  46  4:50  SCV x2  
  41  5:02  SCV x2  
  48  5:19  SCV  
  49  5:21  Supply Depot  
Show
View Real Time Build Order
Export as new Build Order

Tool Terran - Winner!

Build Orders: Cyclone Opening 

Get SALT Encoding   

  12  0:00  SCV  
  13  0:12  SCV  
  14  0:18  Supply Depot  
  14  0:24  SCV  
  15  0:30  Refinery  
  15  0:39  SCV  
  16  0:46  Barracks  
  16  0:51  SCV  
  17  0:59  Refinery  
  17  1:03  SCV  
  18  1:16  SCV  
  20  1:34  Factory  
  20  1:36  Reaper  
  20  1:42  Orbital Command  
  20  1:52  Supply Depot  
  20  2:08  Reaper  
  20  2:09  SCV  
  22  2:17  Cyclone  
  25  2:31  Starport  
  25  2:34  SCV  
  26  2:40  Reaper  
  27  2:44  Supply Depot  
  27  2:52  Cyclone  
  30  3:12  Reaper  
  30  3:17  SCV  
  32  3:20  Viking  
  34  3:31  Cyclone  
  34  3:34  Supply Depot  
  36  3:49  SCV  
  36  3:52  Reaper  
  38  4:09  SCV  
  37  4:10  Cyclone  
  40  4:19  Command Center  
  40  4:21  SCV  
  41  4:28  Barracks Reactor  
  41  4:30  Starport Tech Lab  
  41  4:33  SCV  
  41  4:34  Supply Depot  
  42  4:58  SCV  
  38  5:04  Factory Tech Lab  
  38  5:05  Marine x2  
  42  5:10  SCV  
  43  5:15  Command Center  
  43  5:23  SCV  
Tags
 
Add a new tag
Caveats
  • Supply blocks, unpowered buildings, or Contaminate may cause inaccurate times.
  • Supply counts are checked every 10 seconds.